 Dungeon Crawl Stone Soup version 0.28-b1-1-g3c77fb2ed1 (webtiles) character file.

Game seed: 7466374345285237890

288 zeram the Covered (level 6, -2/39 HPs)
             Began as a Gargoyle Fighter on Jan 28, 2022.
             Was an Initiate of Yredelemnul.
             Killed by divine providence
             ... invoked by an orc priest
              (11 damage)
             ... on level 5 of the Dungeon.
             The game lasted 00:06:06 (4234 turns).

zeram the Covered (Gargoyle Fighter)                Turns: 4234, Time: 00:06:07

Health: -2/39      AC: 20    Str: 22    XL:     6   Next: 31%
Magic:  6/6        EV:  6    Int:  8    God:    Yredelemnul [......]
Gold:   167        SH:  4    Dex:  9    Spells: 5/5 levels left

rFire   . . .      SeeInvis .   d - +5 dagger (speed)
rCold   . . .      Faith    .   c - +0 buckler
rNeg    + . .      Spirit   .   s - +0 plate armour
rPois   ∞          Reflect  .   (no helmet)
rElec   +          Harm     .   v - +0 cloak
rCorr   .          Rampage  .   n - +1 pair of gloves
Will    .....                   (no boots)
Stlth   ..........              (no amulet)
HPRegen 0.13/turn               (no ring)
MPRegen 0.10/turn               (no ring)

@: about to teleport
A: sickness immunity, AC +4, negative energy resistance 1, electricity
resistance, torment resistance 1, petrification resistance
a: Renounce Religion, Recall Undead Harvest


You were on level 5 of the Dungeon.
You worshipped Yredelemnul.
Yredelemnul was noncommittal.
You visited 2 branches of the dungeon, and saw 6 of its levels.

You collected 167 gold pieces.

Inventory:

Hand Weapons
 a - a +1 flail
 d - a +5 dagger of speed (weapon)
Armour
 b - a +0 scale mail
 c - a +0 buckler (worn)
 n - a +1 pair of gloves (worn)
 s - a +0 plate armour (worn)
 v - a +0 cloak (worn)
Jewellery
 k - an amulet of faith
Wands
 l - a wand of iceblast (7)
 r - a wand of flame (19)
Scrolls
 p - a scroll of teleportation
Potions
 e - 2 potions of lignification
 f - a potion of cancellation {unknown}
 g - 2 potions of mutation
 i - 2 potions of magic
 j - a potion of attraction {unknown}
 m - a potion of haste {unknown}
 o - a potion of berserk rage {unknown}
 q - a potion of flight {unknown}


   Skills:
 + Level 4.5 Fighting
 - Level 2.9 Maces & Flails
 + Level 5.0 Armour
 + Level 1.2 Dodging
 + Level 4.6 Shields


You had 5 spell levels left.
You didn't know any spells.
Your spell library contained the following spells:

 Spells                   Type           Power      Damage    Failure   Level
 Animate Skeleton         Necr           0%         N/A       100%        1
 Pain                     Necr           0%         1d4       100%        1
 Shock                    Conj/Air       0%         1d3       100%        1
 Ignite Poison            Fire/Tmut/Pois 0%         N/A       100%        3
 Mephitic Cloud           Conj/Pois/Air  0%         N/A       100%        3
 Swiftness                Air            0%         N/A       100%        3
 Vampiric Draining        Necr           0%         2d6       100%        3
 Airstrike                Air            0%         N/A       100%        4
 Freezing Cloud           Conj/Ice/Air   0%         6-21      100%        5


Dungeon Overview and Level Annotations

Branches:
Dungeon (5/15)             Temple (1/1) D:4

Altars:
Ashenzari
Cheibriados
Dithmenos
Elyvilon
Fedhas
Gozag
Hepliaklqana
Kikubaaqudgha
Makhleb
Nemelex Xobeh
Okawaru
Qazlal
Ru
Sif Muna
Uskayaw
Vehumet
Wu Jian
Xom
Yredelemnul
Zin
The Shining One


Innate Abilities, Weirdness & Mutations

You are immune to sickness and miasma.
Your stone body is resilient. (AC +4)
You are immune to poison.
You resist negative energy. (rN+)
You are resistant to electric shocks. (rElec)
You are resistant to unholy torment.
You are immune to petrification.


Message History

You hit the orc priest but do no damage.
The orc hits your orc zombie with a +0 hand axe.
Your orc zombie is destroyed!
You barely miss the orc priest.
The orc priest hits you but does no damage.
You hit the orc priest.
The orc priest is lightly wounded.
The orc priest calls down the wrath of Beogh upon you.
Beogh smites you!
* * * LOW HITPOINT WARNING * * *
You feel better. The orc hits you with a +0 hand axe.
* * * LOW HITPOINT WARNING * * *
The orc priest hits you but does no damage.
You completely miss the orc priest.
The orc priest is lightly wounded.
The orc hits you but does no damage.
You feel better.
The orc priest hits you but does no damage.
The orc hits you but does no damage.
You feel better.
The orc priest invokes the aid of Beogh against you.
Pain shoots through your body! The orc barely misses you.
An orc priest comes into view. It is wielding a +0 dagger.
You barely miss the orc priest.
The orc priest is lightly wounded.
The orc priest hits you but does no damage.
The orc closely misses you.
You barely miss the orc priest.
The orc priest is lightly wounded.
The orc priest calls down the wrath of Beogh upon you.
Beogh smites you!
* * * LOW HITPOINT WARNING * * *
Unknown command.
Okay, then.
As you read the scroll of teleportation, it crumbles to dust.
You feel strangely unstable. You block the orc's attack.
The orc priest mumbles some strange prayers to Beogh against you.
Beogh smites you!
You die...
Your body rises from the dead as a mindless zombie.

(.§§P§≈≈≈.# ....P.≈...#
..).....#.# ..........
........# ........#
........#
........###########
...............)@o#
...#########....oo....#
...... #).........#
......# #............
......# #..........##
......# #............
......# #..........#.
#..........#


You could see 2 orc priests and an orc.

Vanquished Creatures
  A hound (D:4)
  Jessica (D:2)
  Terence (D:2)
  An iguana (D:4)
  2 gnolls (D:1)
  7 adders
  An adder skeleton (D:4)
  A worm (D:3)
  2 dart slugs
  5 orcs
  7 ball pythons
  3 bats
  10 endoplasms
  A giant cockroach (D:2)
  11 goblins
  9 hobgoblins
  6 kobolds
  4 quokkas
  4 frilled lizards
  4 rats
81 creatures vanquished.

Vanquished Creatures (collateral kills)
  A quokka (D:4)
1 creature vanquished.

Vanquished Creatures (others)
  An orc zombie (D:5)
1 creature vanquished.

Grand Total: 83 creatures vanquished

Notes
Turn   | Place    | Note
-------+----------+-------------------------------------------
     0 | D:1      | zeram the Gargoyle Fighter began the quest for the Orb.
     0 | D:1      | Reached XP level 1. HP: 14/14 MP: 1/1
   394 | D:1      | Reached XP level 2. HP: 16/19 MP: 2/2
   510 | D:1      | Found a faded altar of an unknown god.
   541 | D:1      | Reached XP level 3. HP: 14/23 MP: 3/3
  1481 | D:2      | Reached XP level 4. HP: 17/29 MP: 4/4
  1781 | D:2      | Noticed Jessica
  1794 | D:2      | Killed Jessica
  1965 | D:2      | Reached skill level 4 in Armour
  1965 | D:2      | Reached XP level 5. HP: 29/33 MP: 5/5
  2010 | D:2      | Noticed Terence
  2022 | D:2      | Killed Terence
  2782 | D:3      | Reached skill level 1 in Dodging
  3360 | D:4      | Reached XP level 6. HP: 39/39 MP: 6/6
  3369 | D:4      | Found a staircase to the Ecumenical Temple.
  3420 | Temple   | Entered the Ecumenical Temple
  3787 | Temple   | Became a worshipper of Yredelemnul the Dark
  3911 | D:4      | Reached * piety under Yredelemnul
  4014 | D:4      | Identified the +10 hunting sling "Ysecro" {venom, rN+ MP+9
                  | Int+3 Stlth-}
  4190 | D:5      | Entered Level 5 of the Dungeon
  4219 | D:5      | Reached skill level 5 in Armour
  4227 | D:5      | HP: 1/39 [orc priest/divine providence (10)]
  4234 | D:5      | Killed from afar by an orc priest

Illustrated notes

Levels and vault maps discovered:
D:1:      dpeg_arrival_arbitrary_b, layout_loops_ring,
          nicolae_ecumenical_lake_church, minmay_unequal
D:2:      minmay_spotlight, layout_rooms, uniq_terence, uniq_jessica
D:3:      layout_basic, minmay_misc_feat_roman
D:4:      layout_basic, minmay_temple_entry_statues
D:5:      layout_basic, mainiacjoe_overflow_cross_hatched, serial_undead,
          serial_undead_b, serial_undead_f, serial_undead_e, serial_undead_c,
          uniq_pikel
Temple:   mainiacjoe_temple_trianglar_array

Skill      XL: |  1  2  3  4  5  6 |
---------------+-------------------+-----
Shields        | 4 |  4.6
Armour         | 4 5 |  5.0
Fighting       | 4 |  4.5
Dodging        | 1 |  1.2
Maces & Flails | |  2.9

Action                   |  1- 3 |  4- 6 || total
-------------------------+-------+-------++-------
Melee: Flail             |   101 |    20 ||   121
       Dagger            |       |   140 ||   140
  Use: Scroll            |     1 |     9 ||    10
       Potion            |       |     4 ||     4
Armor: Scale mail        |    60 |    39 ||    99
       Plate armour      |       |    27 ||    27
Dodge: Dodged            |    42 |    52 ||    94
Block: Buckler           |    22 |    23 ||    45
